 Dungeon Crawl Stone Soup version 0.19-a0-157-gbc558dc (webtiles) character file.

25718 Kidiri the Arsonist (level 12, -3/89 HPs)
             Began as a High Elf Fire Elementalist on May 20, 2016.
             Was a High Priest of Vehumet.
             Splashed by an oklob plant's acid (15 damage)
             ... on level 3 of the Lair of Beasts.
             The game lasted 01:14:19 (21196 turns).

Kidiri the Arsonist (High Elf Fire Elementalist)   Turns: 21196, Time: 01:14:20

Health: -3/89      AC: 12    Str:  5    XL:     12   Next: 92%
Magic:  4/23       EV: 21    Int: 25    God:    Vehumet [*****.]
Gold:   548        SH:  9    Dex: 18    Spells: 9 memorised, 0 levels left

rFire  + + +     SeeInvis .     O - +1 rapier (flame)
rCold  + . .     Gourm    +     T - +2 robe {rF+}
rNeg   . . .     Faith    .     H - +0 shield {AC+3}
rPois  .         Spirit   .     C - +2 helmet
rElec  .         Dismiss  .     i - +2 cloak
rCorr  .         Reflect  .     E - +2 pair of gloves {rF+}
SustAt .         Harm     .     w - +2 pair of boots
MR     +....                    L - amulet of the gourmand
Stlth  ++........               l - +4 ring of evasion
                                S - ring of wizardry

@: corroded, somewhat resistant to hostile enchantments, unstealthy
A: agile 1, cold resistance 1, fire resistance 1, low mp 1, mutation resistance
1, robust 1, weak 1
a: Renounce Religion


You were on level 3 of the Lair of Beasts.
You worshipped Vehumet.
Vehumet was extremely pleased with you.
You were very full.

You visited 3 branches of the dungeon, and saw 15 of its levels.
You also visited: Volcano.

You collected 1010 gold pieces.
You spent 462 gold pieces at shops.

Inventory:

Hand Weapons
 t - a +2 spear of venom
 y - a +3 flail of protection
 O - a +1 rapier of flaming (weapon)
Armour
 h - the +10 scale mail of Hide-and-Seek {Regen+ Stlth+}
   (You found it on level 5 of the Dungeon)

   It increases your rate of regeneration.
   It makes you more stealthy.
 i - a +2 cloak (worn)
 w - a +2 pair of boots (worn)
 C - a +2 helmet (worn)
 E - a +2 pair of gloves of fire resistance (worn)
 H - a +0 shield of protection (worn)
 T - a +2 robe of fire resistance (worn)
Magical Staves
 j - an uncursed staff of wizardry
Jewellery
 g - an uncursed ring of flight
 l - a +4 ring of evasion (right hand)
 L - an amulet of the gourmand (around neck)
 M - an uncursed ring of wizardry
 S - a ring of wizardry (left hand)
Wands
 a - a wand of confusion (26/48)
 o - a wand of teleportation (1/9)
 p - a wand of iceblast (6/15)
 D - a wand of teleportation (2/9)
Scrolls
 m - 7 scrolls of remove curse
 q - 2 scrolls of recharging
 B - 2 scrolls of amnesia
 F - 3 scrolls of immolation
 G - a scroll of fear
 K - a scroll of silence
 R - a scroll of magic mapping
Potions
 e - 5 potions of resistance
 f - a potion of lignification
 k - 3 potions of curing
 r - 4 potions of berserk rage
 s - 2 potions of brilliance
 v - a potion of flight
 x - a potion of haste
 z - 3 potions of agility
 A - 2 potions of heal wounds
 I - a potion of invisibility
 N - a potion of cancellation {unknown}
Books
 u - a Young Poisoner's Handbook

   Spells                             Type                      Level
   a - Sting                          Conjuration/Poison           1
   b - Cure Poison                    Poison                       2
   c - Mephitic Cloud                 Conjuration/Poison/Air       3
   d - Olgreb's Toxic Radiance        Poison                       4
   e - Venom Bolt                     Conjuration/Poison           5
Miscellaneous
 J - an ornate deck of summoning
 P - a plain deck of war {the Shadow}
Comestibles
 c - 6 bread rations
 d - 15 royal jellies
 n - 3 meat rations
 Q - 12 fruits


   Skills:
 + Level 7.0 Fighting
 + Level 6.1 Armour
 + Level 8.4 Dodging
 - Level 2.1 Stealth
 * Level 5.8 Shields
 + Level 8.6 Spellcasting
 + Level 7.6 Conjurations
 + Level 6.7 Hexes
 * Level 10.4 Fire Magic
 + Level 5.0 Air Magic
 + Level 4.5 Poison Magic


You couldn't memorise any spells.
You knew the following spells:

 Your Spells              Type           Power        Failure   Level  Hunger
a - Flame Tongue          Conj/Fire      #####        1%          1    None
b - Throw Flame           Conj/Fire      ######       1%          2    None
c - Conjure Flame         Conj/Fire      ######..     1%          3    None
d - Inner Flame           Hex/Fire       ######..     1%          3    None
e - Sticky Flame          Conj/Fire      ######..     1%          4    ##.....
f - Fireball              Conj/Fire      ######....   1%          5    ####...
g - Cure Poison           Pois           ####......   1%          2    None
h - Mephitic Cloud        Conj/Pois/Air  #####...     1%          3    None
i - Venom Bolt            Conj/Pois      #####.....   6%          5    ####...


Dungeon Overview and Level Annotations

Branches:
Dungeon (11/15)            Temple (1/1) D:7            Lair (3/8) D:8
    Orc (0/2) D:11
  Swamp: Lair:3-6    Shoals: Lair:3-6     Snake: Lair:3-6    Spider: Lair:3-6

Altars:
Ashenzari
Cheibriados
Dithmenos
Elyvilon
Fedhas
Gozag
Kikubaaqudgha
Makhleb
Nemelex Xobeh
Okawaru
Pakellas
Qazlal
Ru
Sif Muna
Trog
Vehumet
Xom
Yredelemnul
Zin
The Shining One

Shops:
D:4 :   D:5 ?   D:7 ?   D:9 ?

Annotations:
Lair:3 exclusion: oklob plant


Innate Abilities, Weirdness & Mutations

You are agile. (Dex +2)
Your flesh is cold resistant.
Your flesh is heat resistant.
Your magical capacity is low (-10% MP).
You are somewhat resistant to further mutation.
You are robust (+10% HP).
You are weak. (Str -2)


Message History

Casting: Venom Bolt
Confirm with . or Enter, or press ? or * to list all spells.
Aiming: Sticky Flame
Press: ? - help, Shift-Dir - straight line, f - oklob plant, p - oklob plant
Aim: an oklob plant (severely damaged, poisoned)
The sticky flame hits the oklob plant.
The oklob plant is almost destroyed.
The oklob plant is covered in liquid flames!
The oklob plant burns!
You destroy the oklob plant!
You feel your power returning.
Your Air Magic skill increases to level 5!
The oklob plant spits acid at you. The splash of acid hits you!
The acid burns!
* * * LOW HITPOINT WARNING * * *
The oklob plant spits acid at you. The splash of acid hits you!
* * * LOW HITPOINT WARNING * * *
The acid corrodes you!
The acid burns!
You die...

................##
.....(...........#
...##............#
..######<....#..##
.P..#
##.....#.[.##
..P##
#......#...P##
..##
##.....#.....# ..#
#......#...P## ..#
##.....#..@..# ..#
#.....#..P.P#.#
..#
##.....#.#P...P#
..##
#......###.P..##
...#
#P.....##.PP..#
..##
##.....##..P.P#
..#
#......#..P.P.#
.!###
#......#.#P..##
....#
##.....###.P.#


You could see an oklob plant.

Vanquished Creatures
  Gastronok (D:10)
  2 centaur warriors
  A deep elf mage (D:10)
  2 oklob plants (Lair:3)
  Maurice (D:9)
  2 black mambas
  3 yaktaurs (Volcano)
  2 komodo dragons (Lair:1)
  3 spiny frogs
  The ghost of Gruesome the Insei, a novice OpTm (D:6)
  3 trolls (D:10)
  A queen bee (D:9)
  13 blink frogs
  2 wyverns
  15 yaks
  A basilisk (Lair:3)
  6 hippogriffs
  2 hungry ghosts (D:10)
  Duvessa (D:5)
  7 water moccasins
  4 porcupines
  9 ice beasts
  3 sky beasts
  A black bear (D:11)
  4 orc warriors
  3 phantoms
  A necrophage (D:9)
  10 ogres
  6 wolves (Lair:1)
  8 centaurs
  6 crocodiles
  9 big kobolds (D:10)
  13 giant frogs
  A gnoll sergeant (D:9)
  A wyvern skeleton (D:9)
  Dowan (D:5)
  29 killer bees
  5 wights
  11 howler monkeys
  A crimson imp (D:10)
  2 centaur zombies
  2 quasits
  13 orc wizards
  A giant frog skeleton (D:4)
  4 orc priests
  Crazy Yiuf (D:4)
  9 hounds
  3 jellies
  9 iguanas
  Natasha (thrice) (D:3)
  6 worker ants
  9 sheep
  2 hound zombies
  A hound skeleton (D:6)
  2 howler monkey zombies
  2 worker ant zombies (D:10)
  Robin (D:3)
  7 gnolls
  16 adders
  A howler monkey skeleton (D:6)
  29 river rats
  2 adder skeletons
  6 worms
  2 dart slugs
  5 giant geckos
  43 orcs
  18 bats
  2 giant cockroaches (D:3)
  15 goblins
  9 hobgoblins
  13 jackals
  8 kobolds
  4 quokkas
  2 ball pythons
  5 giant newts
  A quokka skeleton (D:6)
  23 rats
  2 plants (Lair:3)
478 creatures vanquished.

Vanquished Creatures (others)
  A porcupine (Lair:3)
  A crocodile (D:4)
  8 fungi
  A plant (D:8)
11 creatures vanquished.

Grand Total: 489 creatures vanquished

Notes
Turn   | Place    | Note
--------------------------------------------------------------
     0 | D:1      | Kidiri the High Elf Fire Elementalist began the quest for the Orb.
     0 | D:1      | Reached XP level 1. HP: 11/11 MP: 4/4
   593 | D:1      | Reached XP level 2. HP: 17/17 MP: 2/6
   600 | D:1      | Learned a level 2 spell: Throw Flame
  1352 | D:2      | Reached skill level 1 in Armour
  1663 | D:2      | Reached XP level 3. HP: 21/21 MP: 6/8
  1671 | D:2      | Learned a level 3 spell: Inner Flame
  2438 | D:3      | Reached skill level 1 in Fighting
  2438 | D:3      | Reached XP level 4. HP: 28/28 MP: 5/9
  2443 | D:3      | Learned a level 3 spell: Conjure Flame
  2540 | D:3      | Noticed Natasha
  2545 | D:3      | Killed Natasha
  2545 | D:3      | Reached skill level 1 in Hexes
  2778 | D:3      | Noticed Natasha
  2782 | D:3      | Killed Natasha
  2784 | D:3      | Reached XP level 5. HP: 28/33 MP: 4/10
  2920 | D:3      | Found a faded altar to an unknown god.
  3074 | D:3      | Noticed Natasha
  3082 | D:3      | Killed Natasha
  3502 | D:3      | Found a blossoming altar of Fedhas.
  3696 | D:3      | Noticed Robin
  4054 | D:3      | Killed Robin
  4436 | D:4      | Reached XP level 6. HP: 39/39 MP: 2/12
  4582 | D:4      | Reached skill level 4 in Fire Magic
  4887 | D:4      | Found an oddly glowing altar of Pakellas.
  4887 | D:4      | Noticed an orange crystal statue
  5025 | D:4      | Found Doxzeyl's Book Emporium.
  5033 | D:4      | Noticed a sky beast
  5042 | D:4      | Killed a sky beast
  5042 | D:4      | Reached XP level 7. HP: 35/45 MP: 6/13
  5114 | D:4      | Learned a level 4 spell: Sticky Flame
  6220 | D:4      | Noticed Crazy Yiuf
  6227 | D:4      | Killed Crazy Yiuf
  6485 | D:5      | Entered Level 5 of the Dungeon
  6489 | D:5      | Reached skill level 5 in Fire Magic
  6492 | D:5      | Reached XP level 8. HP: 50/51 MP: 3/15
  6681 | D:5      | Found a shadowy altar of Dithmenos.
  6698 | D:5      | Noticed Dowan
  6700 | D:5      | Noticed Duvessa
  6712 | D:5      | Killed Dowan
  6713 | D:5      | Killed Duvessa
  6744 | D:5      | Reached skill level 5 in Dodging
  6744 | D:5      | Reached skill level 5 in Spellcasting
  6748 | D:5      | Gained mutation: You are agile. (Dex +2) [mutagenic meat]
  6749 | D:5      | Gained mutation: You are weak. (Str -2) [mutagenic meat]
  6984 | D:5      | Got an encrusted scale mail
  6995 | D:5      | Identified the +10 scale mail of Hide-and-Seek {Regen+ Stlth+} (You found it on level 5 of the Dungeon)
  7366 | D:5      | Learned a level 2 spell: Cure Poison
  7411 | D:5      | Found a deep blue altar of Sif Muna.
  7412 | D:5      | Found a snail-covered altar of Cheibriados.
  7504 | D:5      | Found Irrehemi's Magic Scroll Shop.
  7507 | D:5      | Bought a scroll of identify for 26 gold pieces
  7507 | D:5      | Bought a scroll of enchant weapon for 97 gold pieces
  7507 | D:5      | Bought a scroll of identify for 26 gold pieces
  7507 | D:5      | Bought a scroll of identify for 26 gold pieces
  7510 | D:5      | Gained mutation: Your flesh is heat resistant. [potion of mutation]
  7510 | D:5      | Gained mutation: Your magical capacity is low (-10% MP). [potion of mutation]
  7510 | D:5      | Gained mutation: Your flesh is cold resistant. [potion of mutation]
  7511 | D:5      | Gained mutation: You are robust (+10% HP). [potion of mutation]
  7511 | D:5      | Gained mutation: You are somewhat resistant to further mutation. [potion of mutation]
  8197 | D:6      | Found a radiant altar of Vehumet.
  8203 | D:6      | Became a worshipper of Vehumet
  8419 | D:6      | Reached XP level 9. HP: 35/62 MP: 0/17
  8426 | D:6      | Learned a level 5 spell: Fireball
  8580 | D:6      | Reached skill level 6 in Fire Magic
  8580 | D:6      | Reached skill level 1 in Poison Magic
  9022 | D:6      | Noticed Gruesome's ghost (novice OpTm)
  9034 | D:6      | Killed Gruesome's ghost
  9839 | D:7      | Reached * piety under Vehumet
  9839 | D:7      | Offered knowledge of Freeze by Vehumet.
  9941 | D:7      | Found a staircase to the Ecumenical Temple.
  9950 | Temple   | Entered the Ecumenical Temple
 10281 | D:7      | Found an opulent altar of Gozag.
 10402 | D:7      | Reached skill level 7 in Fire Magic
 10410 | D:7      | Reached skill level 5 in Conjurations
 10560 | D:7      | Found a shattered altar of Ashenzari.
 10777 | D:7      | Found Meohetil's Magic Scroll Shoppe.
 10787 | D:7      | Bought a scroll of identify for 28 gold pieces
 10787 | D:7      | Bought a scroll of magic mapping for 49 gold pieces
 11193 | D:8      | Reached XP level 10. HP: 65/71 MP: 6/19
 11299 | D:8      | Offered knowledge of Searing Ray by Vehumet.
 11321 | D:8      | Reached ** piety under Vehumet
 11865 | D:8      | Learned a level 3 spell: Mephitic Cloud
 11944 | D:8      | Found a staircase to the Lair.
 12125 | D:8      | Reached skill level 1 in Air Magic
 12317 | D:8      | Reached skill level 5 in Fighting
 12623 | D:8      | Found a burning altar of Makhleb.
 12623 | D:8      | Noticed a blizzard demon
 12877 | D:9      | Offered knowledge of Throw Frost by Vehumet.
 13092 | D:9      | Noticed Maurice
 13102 | D:9      | Killed Maurice
 13102 | D:9      | Reached skill level 1 in Shields
 13706 | D:9      | Reached *** piety under Vehumet
 13706 | D:9      | Reached skill level 8 in Fire Magic
 13775 | D:9      | Offered knowledge of Fulminant Prism by Vehumet.
 13775 | D:9      | Reached skill level 5 in Hexes
 14027 | D:9      | Found Moshuded's Magic Scroll Shop.
 14052 | D:9      | Bought a scroll of enchant armour for 105 gold pieces
 14052 | D:9      | Bought a scroll of enchant weapon for 105 gold pieces
 14248 | D:9      | Reached XP level 11. HP: 79/79 MP: 11/20
 14519 | D:10     | Entered Level 10 of the Dungeon
 14591 | D:10     | Noticed Gastronok
 14624 | D:10     | Killed Gastronok
 15052 | D:10     | Reached **** piety under Vehumet
 15393 | D:10     | Noticed a deep elf mage
 15399 | D:10     | Noticed a centaur warrior
 15427 | D:10     | Killed a centaur warrior
 15427 | D:10     | Reached skill level 5 in Armour
 15563 | D:10     | Offered knowledge of Lightning Bolt by Vehumet.
 15602 | D:10     | Reached skill level 9 in Fire Magic
 15649 | D:10     | Killed a deep elf mage
 16441 | Lair:1   | Entered Level 1 of the Lair of Beasts
 16450 | Lair:1   | Reached ***** piety under Vehumet
 16486 | Lair:1   | Offered knowledge of Throw Icicle by Vehumet.
 17019 | Lair:1   | Reached XP level 12. HP: 88/88 MP: 17/22
 17711 | Lair:2   | Found a dark tunnel.
 17716 | Volcano  | Entered a volcano
 17736 | Volcano  | Found a radiant altar of Vehumet.
 17740 | Volcano  | Noticed a centaur warrior
 17771 | Volcano  | Killed a centaur warrior
 17779 | Volcano  | HP: 3/88 [something (18)]
 18107 | Volcano  | Reached skill level 5 in Shields
 18802 | Lair:2   | Offered knowledge of Bolt of Draining by Vehumet.
 19555 | Lair:3   | Reached skill level 10 in Fire Magic
 19926 | Lair:2   | Learned a level 5 spell: Venom Bolt
 21194 | Lair:3   | Reached skill level 5 in Air Magic
 21196 | Lair:3   | Splashed by an oklob plant's acid

Vault maps used:
D:1:      dpeg_arrival_shelter
D:3:      nicolae_overflow_crystal_walls, ecumenical_altar_1, first_bread,
          uniq_robin, uniq_natasha
D:4:      gammafunk_pakellas_statue_experiment, serial_shops, shop,
          minmay_cut_off, uniq_crazy_yiuf_cottage
D:5:      gammafunk_temple_overflow_pools, grunt_dithmenos_smoke_and_mirrors,
          serial_shops, kennysheep_mini, uniq_duvessa
D:6:      overflow_temple_1_default
D:7:      grunt_temple_overflow_open, temple_hall, serial_shops, shop
D:8:      makhleb_altar_promises_db, grunt_lair_entry_orc_guard_hut
D:9:      serial_shops, shop, uniq_maurice
D:10:     wad_guarded_room, special_room, uniq_gastronok
D:11:     david_orc_4, portal_ice_cave_entry_ice_beasts,
          hangedman_little_slice_of_home, lemuel_flamethrower_1
Temple:   bh_familiar_temple
Lair:1:   small_statue_intersection, lemuel_fruit_fields,
          infiniplex_staircase_pool_2, lemuel_fruit_tree
Lair:2:   enter_volcano_4, serial_bayou_crossing, grunt_megastairs_1
Lair:3:   minmay_lair_oklob_tunnel, st_stairs_3, lemuel_old_faithful
Volcano:  kennysheep_volcano_temple

Skill      XL: |  1  2  3  4  5  6  7  8  9 10 11 12 |
---------------+-------------------------------------+-----
Armour         | 1 2 3 4 5 6 |  6.1
Spellcasting   | 3 4 6 7 8 |  8.6
Fighting       | 1 2 3 4 5 6 7 |  7.0
Dodging        | 3 4 5 6 7 8 |  8.4
Hexes          | 1 2 3 4 5 6 |  6.7
Conjurations   | 2 3 4 5 6 7 |  7.6
Fire Magic     | 4 5 7 8 9 10 | 10.4
Poison Magic   | 2 3 4 |  4.5
Air Magic      | 2 4 5 |  5.0
Shields        | 2 4 5 |  5.8
Stealth        | |  2.1

Action                   |  1- 3 |  4- 6 |  7- 9 | 10-12 || total
-------------------------+-------+-------+-------+-------++-------
Melee: Whip              |    32 |    54 |    18 |       ||   104
       Unarmed           |     2 |       |       |       ||     2
       Club              |     1 |       |       |       ||     1
       Flail             |       |       |    73 |   308 ||   381
       Quarterstaff      |       |       |     3 |       ||     3
       Rapier            |       |       |       |     5 ||     5
 Cast: Flame Tongue      |    63 |    92 |   206 |   422 ||   783
       Throw Flame       |     4 |    30 |    47 |    45 ||   126
       Conjure Flame     |       |     2 |    17 |    16 ||    35
       Inner Flame       |       |     1 |     8 |    16 ||    25
       Sticky Flame      |       |       |    15 |    88 ||   103
       Fireball          |       |       |       |    19 ||    19
       Mephitic Cloud    |       |       |       |     1 ||     1
       Venom Bolt        |       |       |       |     3 ||     3
Evoke: Wand              |       |       |       |     5 ||     5
  Use: Scroll            |     4 |     8 |    14 |    16 ||    42
       Potion            |     1 |     3 |     3 |     4 ||    11
 Stab: Sleeping          |     5 |     4 |     1 |     3 ||    13
  Eat: Chunk             |     5 |     9 |    20 |    43 ||    77
       Fruit             |       |       |     2 |       ||     2
       Pizza             |       |       |     1 |     2 ||     3
       Meat ration       |       |       |       |     1 ||     1
       Beef jerky        |       |       |       |     1 ||     1
       Bread ration      |       |       |       |     1 ||     1
Armor: Leather armour    |    10 |    24 |    55 |   176 ||   265
       Skin              |       |    12 |       |       ||    12
       Robe              |       |       |    43 |     3 ||    46
       Scale mail        |       |       |       |   185 ||   185
Dodge: Dodged            |    55 |    65 |   215 |   439 ||   774
Block: Shield            |       |       |       |   109 ||   109
